 Dungeon Crawl Stone Soup version 0.27-a0-1200-g94dc6ad4cf (webtiles) character file.

Game seed: 8025512091340179098

72331 Vomitron the Fighter (level 15, 0/99 HPs)
             Began as a Gargoyle Monk on May 29, 2021.
             Was the Champion of Uskayaw.
             Slain by a troll (6 damage)
             ... on level 2 of the Orcish Mines on May 30, 2021.
             The game lasted 00:50:17 (19586 turns).

Vomitron the Fighter (Gargoyle Monk)               Turns: 19586, Time: 00:50:18

Health: 0/99       AC: 37    Str: 20    XL:     15   Next: 39%
Magic:  0/29       EV: 13    Int: 12    God:    Uskayaw [******]
Gold:   2965       SH:  6    Dex: 12    Spells: 14/14 levels left

rFire    + . .     SeeInvis +   a - +2 eveningstar (spect)
rCold    . . .     Faith    .   w - +0 buckler {AC+3}
rNeg     + . .     Spirit   +   c - +4 moon troll leather armour {Spirit, Regen++ MP+5}
rPois    ∞         Reflect  .   K - +2 helmet {SInv}
rElec    +         Harm     .   A - +0 cloak {rF+}
rCorr    .         Rampage  .   T - +2 pair of gloves {archery}
Will     +....                  (no boots)
Stlth    +++.......             s - amulet of regeneration
HPRegen  3.26/turn              u - +4 ring of protection
MPRegen  0.21/turn              U - +4 ring of slaying

@: flying
A: sickness immunity, AC +11, big wings, negative energy resistance 1,
electricity resistance, torment resistance 1, petrification resistance
a: Renounce Religion, Stomp, Line Pass, Grand Finale


You were on level 2 of the Orcish Mines.
You worshipped Uskayaw.
Uskayaw was pleased with you.
You visited 4 branches of the dungeon, and saw 20 of its levels.
You also visited: Volcano.

You collected 2991 gold pieces.
You spent 26 gold pieces at shops.

Inventory:

Hand Weapons
 a - a +2 spectral eveningstar (weapon)
 b - a +4 hunting sling of flaming
 p - a +2 war axe of electrocution
 x - the +10 hand axe "Ducesm" {flame, rF+}
   (You found it on level 6 of the Dungeon)

   It has been specially enchanted to burn those struck by it, causing extra
   injury to most foes and up to half again as much damage against particularly
   susceptible opponents.
   Big, fiery blades are also staple armaments of hydra-hunters.
   It protects you from fire.
Missiles
 g - 2 throwing nets
 n - 349 stones (quivered)
 C - 111 sling bullets
 G - 14 curare-tipped darts
Armour
 c - the +4 moon troll leather armour (worn) {Spirit, Regen++ MP+5}
   (You found it on level 6 of the Lair of Beasts)

   It affects your magic capacity (+5).
   It increases your rate of health regeneration.
 w - a +0 buckler of protection (worn)
 A - a +0 cloak of fire resistance (worn)
 F - a +1 chain mail of cold resistance
 H - a +3 scale mail of fire resistance
 K - a +2 helmet of see invisible (worn)
 T - a +2 pair of gloves of archery (worn)
Jewellery
 s - an amulet of regeneration (around neck)
 u - a +4 ring of protection (left hand)
 Q - a ring of protection from cold
 R - the ring "Tymeas" {rF+ rN+ Str-4 Int+5 SInv}
   (You found it on level 8 of the Dungeon)

   [ring of protection from fire]

   It affects your strength (-4).
   It affects your intelligence (+5).
   It protects you from fire.
   It protects you from negative energy.
   It lets you see invisible.
 S - the ring "Coiny" {Will+ Dex+6}
   (You took it off a centaur on level 8 of the Dungeon)

   [ring of dexterity]

   It affects your dexterity (+6).
   It increases your willpower.
 U - a +4 ring of slaying (right hand)
Wands
 j - a wand of charming (35)
 m - a wand of polymorph (9)
 q - a wand of acid (17)
 L - a wand of iceblast (16)
 N - a wand of digging (9)
 P - a wand of flame (30)
 W - a wand of paralysis (3)
 Y - a wand of mindburst (13)
Scrolls
 e - 11 scrolls of teleportation
 f - 3 scrolls of enchant weapon
 i - 3 scrolls of fear
 y - 3 scrolls of identify
 B - 3 scrolls of noise
 I - a scroll of vulnerability
 J - 4 scrolls of fog
 M - a scroll of immolation
 Z - a scroll of blinking
Potions
 d - 4 potions of resistance
 h - 2 potions of haste
 k - 2 potions of invisibility
 l - 3 potions of mutation
 o - 3 potions of magic
 r - 9 potions of curing
 t - 4 potions of flight
 v - a potion of might
 z - 2 potions of cancellation
 D - 3 potions of berserk rage
 E - 10 potions of heal wounds
 O - 3 potions of attraction
 V - 3 potions of brilliance
 X - a potion of ambrosia


   Skills:
 + Level 13.4 Fighting
 - Level 5.5(7.7) Axes
 + Level 9.1(9.9) Maces & Flails
 + Level 9.0 Slings
 - Level 12.0 Armour
 + Level 4.6 Dodging
 - Level 6.5 Stealth
 - Level 9.7 Shields
 + Level 12.6 Invocations


You had 14 spell levels left.
You didn't know any spells.
Your spell library contained the following spells:

 Spells                   Type           Power      Damage    Failure   Level
 Apportation              Tloc           0%         N/A       36%         1
 Beastly Appendage        Tmut           0%         N/A       36%         1
 Corona                   Hex            0%         N/A       36%         1
 Slow                     Hex            0%         N/A       50%         2
 Wereblood                Tmut           0%         N/A       50%         2
 Inner Flame              Hex/Fire       0%         N/A       73%         3
 Lesser Beckoning         Tloc           0%         N/A       73%         3
 Portal Projectile        Hex/Tloc       0%         N/A       73%         3
 Spider Form              Tmut/Pois      0%         N/A       73%         3
 Tukima's Dance           Hex            0%         N/A       73%         3
 Cause Fear               Hex            0%         N/A       98%         4
 Ice Form                 Ice/Tmut       0%         N/A       98%         4
 Leda's Liquefaction      Hex/Erth       0%         N/A       98%         4
 Alistair's Intoxication  Tmut/Pois      0%         N/A       100%        5
 Hydra Form               Tmut           0%         N/A       100%        5
 Invisibility             Hex            0%         N/A       100%        6


Dungeon Overview and Level Annotations

Branches:
Dungeon (11/15)            Temple (1/1) D:4            Lair (6/6) D:10
 Shoals (0/4) Lair:3        Snake (0/4) Lair:2        Slime (0/5) Lair:6
    Orc (2/2) D:9         Volcano (visited)
    Elf: Orc:2

Altars:
Ashenzari
Cheibriados
Dithmenos
Elyvilon
Fedhas
Gozag
Hepliaklqana
Kikubaaqudgha
Makhleb
Nemelex Xobeh
Okawaru
Qazlal
Ru
Sif Muna
Trog
Uskayaw
Vehumet
Wu Jian
Xom
Yredelemnul
Zin
The Shining One

Shops:
D:2 =(?   Orc:2 :

Annotations:
D:3 3 runed translucent doors, pablusdiablus's ghost, amateur HOFi
Lair:6 exclusion: obsidian statue


Innate Abilities, Weirdness & Mutations

You are immune to sickness and miasma.
Your stone body is resilient. (AC +11)
You are immune to poison.
Your large and strong wings let you fly.
You resist negative energy. (rN+)
You are resistant to electric shocks. (rElec)
You are resistant to unholy torment.
You are immune to petrification.


Message History

The two-headed ogre is moderately wounded.
The orc no longer looks unusually strong.
The orc warrior hits you but does no damage.
The orc priest calls down the wrath of Beogh upon you.
Beogh smites you! The troll barely misses you. The troll completely misses you.
The troll closely misses you.
The orc knight hits you but does no damage.
You sock the two-headed ogre!
The two-headed ogre is heavily wounded.
The orc priest no longer looks unusually strong.
The two-headed ogre closely misses you. You block the two-headed ogre's attack.
The orc warrior hits you but does no damage.
The troll bites you but does no damage. The troll claws you but does no damage.
The troll closely misses you.
The orc knight roars a battlecry!
The orcs go into a battle-frenzy!
You barely miss the two-headed ogre.
The two-headed ogre is heavily wounded.
The orc warrior hits you with a +0 short sword!
The two-headed ogre barely misses you. x2; The troll bites you.
The troll claws you but does no damage. The troll barely misses you.
You block the orc knight's attack.
You puncture the two-headed ogre!
The two-headed ogre is severely wounded.
The orc warrior hits you with a +0 short sword!
The orc priest invokes the aid of Beogh against you.
Beogh smites you! The troll barely misses you. x2
The troll claws you but does no damage. The two-headed ogre closely misses you.
You block the two-headed ogre's attack. You block the orc knight's attack.
You hit the two-headed ogre.
The two-headed ogre is severely wounded.
The orc priest calls down the wrath of Beogh upon you.
Beogh smites you!
* * * LOW HITPOINT WARNING * * *
The orc warrior hits you with a +0 short sword!!
* * * LOW HITPOINT WARNING * * *
The orc priest looks encouraged for a moment.
The troll completely misses you. The troll barely misses you.
The troll claws you.
You die... ### ##....#### #.....### #####.## ##......#.####........ .#.....#####.......#.##.##....... ........##......#.....#.)<....... .......###......#.....)).)....... .()...........#.#........†.###... ...###.o......####.........####.. oT#

##.......#####.........#....
O.
####.#.oOo@#.........##....
O ###..OToO..####....#.... O
#.#.ooT..### ##........
#####......# ##....##.
##......## ####..####
#........###..#....##
#..........#........#.
#....#................
.....###...............


You could see an orc knight, a two-headed ogre, 2 trolls, an orc warrior
(strong), 2 ogres, 2 orc priests and an orc (strong).

Vanquished Creatures
  An orc warlord (Orc:2)
  The ghost of robertstho the Eclecticist, a journeyman DjFE of Gozag (Lair:6)
  3 dire elephants (Lair:6)
  Snorg (Orc:2)
  A fire dragon (Volcano)
  Josephine (D:10)
  Fannar (D:10)
  8 hydras
  An ogre mage (Orc:2)
  A boulder beetle (D:8)
  Harold (D:10)
  A catoblepas (Lair:2)
  7 two-headed ogres
  Urug (Orc:2)
  3 death yaks
  Sonja (Lair:4)
  A spectral death yak (Lair:6)
  A spectral anaconda (Lair:6)
  5 lindwurms
  3 necromancers (Lair:6)
  2 orc sorcerers
  2 ugly things
  A manticore (D:8)
  Maurice (D:10)
  A merfolk siren (Lair:3)
  15 elephants (Lair:6)
  A dire elephant zombie (Lair:6)
  A smoke demon (Volcano)
  4 black mambas
  A gargoyle (D:11)
  A torpor snail (Lair:2)
  16 cane toads
  A rime drake (Lair:6)
  6 komodo dragons
  Grinder (D:3)
  9 trolls
  A polar bear (Lair:3)
  21 blink frogs
  4 dream sheep (Lair:6)
  A spectral elephant (Lair:6)
  3 wyverns
  8 wraiths
  35 yaks
  Grum (D:8)
  4 basilisks
  A dire elephant simulacrum (Lair:6)
  A death yak simulacrum (Lair:6)
  5 steam dragons
  4 wargs (Orc:2)
  6 vampire mosquitoes
  3 spectral cane toads (Lair:6)
  A hell hound (Volcano)
  2 acid dragons
  19 water moccasins
  2 swamp drakes (Lair:5)
  A black bear (Lair:3)
  2 ice beasts (D:6)
  A sky beast (D:8)
  11 orc warriors
  A necrophage (D:5)
  11 ogres
  4 elephant zombies (Lair:6)
  6 wolves
  3 elephant skeletons (Lair:6)
  3 centaurs
  2 kobold brigands
  14 bullfrogs
  A gnoll sergeant (D:9)
  A scorpion (D:7)
  A water moccasin zombie (D:5)
  4 cane toad simulacra (Lair:6)
  A water moccasin skeleton (D:5)
  An elephant simulacrum (Lair:6)
  10 killer bees (D:8)
  14 wights
  3 howler monkeys (D:7)
  3 centaur zombies
  A bullfrog skeleton (D:5)
  2 jellies
  3 orc priests
  3 hounds
  2 gnoll shamans
  9 orc wizards
  15 hell rats (Lair:6)
  A hound zombie (D:5)
  Robin (D:1)
  A howler monkey zombie (D:8)
  6 adders
  20 gnolls
  9 river rats
  A white imp (D:5)
  An adder zombie (D:5)
  2 worms
  2 dart slugs
  32 orcs
  7 ball pythons
  11 endoplasms
  2 giant cockroaches (D:3)
  6 hobgoblins
  4 jackals (D:4)
  A quokka (D:3)
  9 bats
  2 frilled lizards (D:2)
  18 goblins
  15 kobolds
  13 rats
525 creatures vanquished.

Vanquished Creatures (others)
  A steam dragon (Volcano)
  25 fungi
  45 plants
  20 withered plants (Lair:6)
91 creatures vanquished.

Grand Total: 616 creatures vanquished

Notes
Turn   | Place    | Note
-------+----------+-------------------------------------------
     0 | D:1      | Vomitron the Gargoyle Monk began the quest for the Orb.
     0 | D:1      | Reached XP level 1. HP: 14/14 MP: 1/1
   471 | D:1      | Reached XP level 2. HP: 17/19 MP: 2/2
   605 | D:1      | Found a faded altar of an unknown god.
  1037 | D:1      | Reached skill level 1 in Armour
  1037 | D:1      | Reached XP level 3. HP: 14/23 MP: 3/3
  1830 | D:2      | Found Lede's Magic Scroll Shoppe.
  1839 | D:2      | Bought a scroll of identify for 26 gold pieces
  2044 | D:2      | Reached XP level 4. HP: 28/29 MP: 4/4
  2106 | D:2      | Found an ancient bone altar of Kikubaaqudgha.
  2117 | D:2      | Found Xauracw's Antique Weapon Emporium.
  2639 | D:2      | Found Tintyeca's Jewellery Shoppe.
  2639 | D:2      | Identified the +1 helmet of Perfidy {Str+3}
  2639 | D:2      | Noticed Robin
  2975 | D:1      | Killed Robin
  3311 | D:3      | Found a runed translucent gate.
  3312 | D:3      | Found a runed translucent gate.
  3312 | D:3      | Found a runed translucent gate.
  3318 | D:3      | Noticed pablusdiablus's ghost (amateur HOFi)
  3331 | D:3      | Reached skill level 4 in Fighting
  3468 | D:3      | Noticed Grinder
  3475 | D:3      | Reached XP level 5. HP: 24/33 MP: 5/5
  3490 | D:3      | Killed Grinder
  3491 | D:3      | Reached skill level 5 in Maces & Flails
  3491 | D:3      | Reached XP level 6. HP: 24/39 MP: 6/6
  3925 | D:3      | Found a shadowy altar of Dithmenos.
  4516 | D:4      | Noticed a water moccasin
  4531 | D:4      | Killed a water moccasin
  4532 | D:4      | Reached XP level 7. HP: 42/44 MP: 7/7
  4804 | D:4      | Found a staircase to the Ecumenical Temple.
  4811 | Temple   | Entered the Ecumenical Temple
  4858 | Temple   | Became a worshipper of Uskayaw the Reveller
  4858 | Temple   | Reached * piety under Uskayaw
  5148 | D:4      | Found an ancient bone altar of Kikubaaqudgha.
  5152 | D:4      | Reached ** piety under Uskayaw
  5386 | D:5      | Entered Level 5 of the Dungeon
  5396 | D:5      | Reached skill level 5 in Fighting
  5494 | D:5      | Reached skill level 1 in Invocations
  5791 | D:5      | Reached skill level 5 in Stealth
  5795 | D:5      | Reached *** piety under Uskayaw
  5801 | D:5      | Reached XP level 8. HP: 50/50 MP: 5/9
  5990 | D:5      | Found an opulent altar of Gozag.
  6358 | D:6      | Found an iron altar of Okawaru.
  6546 | D:6      | Reached skill level 6 in Fighting
  6599 | D:6      | Identified the +10 hand axe "Ducesm" {flame, rF+}
  6969 | D:6      | Noticed a cyan ugly thing
  6981 | D:6      | Killed a cyan ugly thing
  6981 | D:6      | Reached **** piety under Uskayaw
  6982 | D:6      | Reached skill level 5 in Armour
  6982 | D:6      | Reached XP level 9. HP: 35/56 MP: 10/12
  7065 | D:7      | Identified 2 scrolls of acquirement
  7065 | D:7      | Acquired a +2 helmet of see invisible
  7067 | D:7      | Acquired a +0 buckler of protection
  7223 | D:7      | Reached skill level 1 in Shields
  7390 | D:7      | Reached skill level 7 in Fighting
  7390 | D:7      | Reached ***** piety under Uskayaw
  7406 | D:7      | Found a burning altar of Makhleb.
  7735 | D:8      | Found a sacrificial altar of Ru.
  7821 | D:8      | Reached skill level 5 in Invocations
  7914 | D:8      | Reached XP level 10. HP: 57/63 MP: 12/14
  7930 | D:8      | Found a shimmering blue altar of Sif Muna.
  8151 | D:8      | Found a white marble altar of Elyvilon.
  8153 | D:8      | Found a glowing golden altar of the Shining One.
  8154 | D:8      | Found a glowing silver altar of Zin.
  8239 | D:8      | Reached skill level 8 in Fighting
  8265 | D:8      | Noticed Grum
  8276 | D:8      | Killed Grum
  8492 | D:8      | Noticed a manticore
  8497 | D:8      | Identified the ring "Gef Hufa" {rPois EV+4 Str+4}
  8500 | D:8      | Killed a manticore
  8518 | D:8      | Identified the ring "Tymeas" {rF+ rN+ Str-4 Int+5 SInv}
  8518 | D:8      | Noticed a boulder beetle
  8531 | D:8      | Noticed a two-headed ogre
  8538 | D:8      | Killed a two-headed ogre
  8539 | D:8      | Reached skill level 5 in Shields
  8547 | D:8      | Killed a boulder beetle
  8548 | D:8      | Reached XP level 11. HP: 21/69 MP: 2/16
  8553 | D:8      | Identified the ring "Coiny" {Will+ Dex+6}
  9125 | D:9      | Found a basalt altar of Yredelemnul.
  9246 | D:9      | Found a staircase to the Orcish Mines.
  9262 | D:9      | Reached skill level 9 in Fighting
  9485 | D:9      | Reached skill level 1 in Slings
  9874 | D:10     | Entered Level 10 of the Dungeon
  9874 | D:10     | Noticed Maurice
  9974 | D:10     | Killed Maurice
 10052 | D:10     | Noticed Fannar
 10144 | D:10     | Killed Fannar
 10194 | D:10     | Noticed Josephine
 10230 | D:10     | Killed Josephine
 10321 | D:10     | Found a shimmering altar of Xom.
 10322 | D:10     | Found a hazy altar of Hepliaklqana.
 10323 | D:10     | Noticed a two-headed ogre
 10508 | D:10     | Noticed Harold
 10525 | D:10     | Killed Harold
 10579 | D:10     | Reached XP level 12. HP: 77/77 MP: 18/18
 10663 | D:10     | Found a staircase to the Lair.
 10668 | D:10     | Reached skill level 10 in Fighting
 10808 | Lair:1   | Entered Level 1 of the Lair of Beasts
 10864 | Lair:1   | Reached ****** piety under Uskayaw
 11030 | Lair:1   | Noticed a seven-headed hydra
 11040 | Lair:1   | Killed a five-headed hydra
 11685 | Lair:2   | Found a dark tunnel.
 11745 | Volcano  | Entered a volcano
 11846 | Volcano  | Reached skill level 10 in Armour
 11921 | Volcano  | Noticed a fire dragon
 11937 | Volcano  | Killed a fire dragon
 12183 | Lair:2   | Noticed a death yak
 12183 | Lair:2   | Noticed a death yak
 12205 | Lair:2   | Killed a death yak
 12206 | Lair:2   | Reached skill level 5 in Slings
 12224 | Lair:2   | Noticed a four-headed hydra
 12242 | Lair:2   | Killed a death yak
 12246 | Lair:2   | Killed a one-headed hydra
 12261 | Lair:2   | Reached skill level 11 in Fighting
 12330 | Lair:2   | Reached XP level 13. HP: 84/84 MP: 20/20
 12484 | Lair:2   | Found a staircase to the Snake Pit.
 12498 | Lair:2   | Reached skill level 10 in Invocations
 13897 | Lair:3   | Found a staircase to the Shoals.
 14209 | Lair:4   | Noticed Sonja
 14226 | Lair:4   | Killed Sonja
 14559 | Lair:4   | Reached skill level 1 in Axes
 14828 | Lair:4   | Found a glowing silver altar of Zin.
 15834 | Lair:6   | Entered Level 6 of the Lair of Beasts
 15868 | Lair:6   | Reached skill level 12 in Fighting
 15897 | Lair:6   | Gained mutation: Your large and strong wings let you fly.
                  | [Gargoyle growth]
 15897 | Lair:6   | Reached XP level 14. HP: 92/92 MP: 22/22
 16133 | Lair:6   | Found a staircase to the Slime Pits.
 16166 | Lair:6   | Found a runed translucent gate.
 16166 | Lair:6   | Found a runed translucent gate.
 16166 | Lair:6   | Found a runed translucent gate.
 16302 | Lair:6   | Noticed robertstho's ghost (journeyman DjFE)
 16355 | Lair:6   | Killed robertstho's ghost
 16912 | Lair:6   | Noticed a dire elephant
 16912 | Lair:6   | Noticed a dire elephant
 16913 | Lair:6   | Noticed a dire elephant
 16914 | Lair:6   | Found the +4 moon troll leather armour {Spirit, Regen++
                  | MP+5}
 17002 | Lair:6   | Killed a dire elephant
 17052 | Lair:6   | Killed a dire elephant
 17200 | Lair:6   | Killed a dire elephant
 17557 | Lair:6   | Reached skill level 5 in Axes
 18107 | D:11     | Acquired 900 gold pieces
 18262 | D:11     | Reached skill level 13 in Fighting
 18353 | D:11     | Reached XP level 15. HP: 98/98 MP: 24/24
 18713 | Orc:1    | Entered Level 1 of the Orcish Mines
 18838 | Orc:1    | Paralysed by an orc sorcerer for 5 turns
 19063 | Orc:2    | Entered Level 2 of the Orcish Mines
 19064 | Orc:2    | Upgraded the game from 0.27-a0-1196-g3e9cee4cb2 to
                  | 0.27-a0-1200-g94dc6ad4cf
 19192 | Orc:2    | Noticed an orc warlord
 19204 | Orc:2    | Killed an orc warlord
 19328 | Orc:2    | Found Xityck's Book Emporium.
 19330 | Orc:2    | Noticed Snorg
 19341 | Orc:2    | Killed Snorg
 19391 | Orc:2    | Noticed Urug
 19403 | Orc:2    | Killed Urug
 19586 | Orc:2    | Slain by a troll

Illustrated notes

Levels and vault maps discovered:
D:1:      kilobyte_arrival_exit_the_forest, layout_basic,
          hellmonk_ecumenical_altar_inner_sanctum
D:2:      layout_loops_ring, basic_altar, serial_shops, shop_statue,
          nicolae_shop_stone, shop, uniq_robin
D:3:      layout_loops_cross, overflow_temple_1_default, portal_sewer_entry_e,
          gammafunk_ghost_split, corner_web_ring, minivault_4, uniq_grinder
D:4:      layout_loops_corners, kiku_gazebo_pond_becter, temple_statues
D:5:      layout_loops_cross, old_standard_altar,
          chequers_serial_rivers_small_3, amcnicky_mini_corridor_feature
D:6:      layout_loops_ring, lemuel_doored_altar
D:7:      layout_cave_pools, bloody_makhleb
D:8:      minmay_the_grid_triangle_9x9_recursive_2
          [minmay_the_grid_triangle_9x9_prize_special,
          minmay_the_grid_triangle_9x9_sprig,
          minmay_the_grid_triangle_9x9_odd_lines,
          minmay_the_grid_triangle_9x9_limited_checkers], layout_cave_pools,
          good_gods_temple_1, nicolae_sif_muna_condensation,
          nicolae_overflow_crystal_walls, uniq_grum
D:9:      layout_irregular_city, old_standard_altar, orc_0_dummy
D:10:     layout_rooms, regret_index_temple_of_mockery, lair_entry_dummy,
          uniq_fannar, uniq_maurice, uniq_josephine, uniq_harold
D:11:     layout_long_grid
Temple:   kb_temple_of_zot
Lair:1:   layout_regular_city
Lair:2:   wander_river, layout_regular_city, minmay_snake_entry_six_corridors,
          nicolae_volcano_entry_two_sided
Lair:3:   layout_hall_layers, minmay_shoals_entry_lonely_mermaid,
          chequers_serial_rivers_micro_a
Lair:4:   layout_small_grid, basic_altar, chequers_serial_rivers_micro_c,
          chequers_serial_rivers_room_b, uniq_sonja
Lair:5:   layout_roguey, chequers_serial_rivers_marsh, guppyfry_lair_drakes
Lair:6:   due_jungle_book, layout_hall_layers, slime_dummy,
          ebering_ghost_rock_garden, grunt_forest_stairs_basic,
          kennysheep_abandoned_house
Orc:1:    layout_diamond_mine
Orc:2:    st_orc_open, layout_diamond_mine, serial_shops, nicolae_shop_crystal,
          uniq_urug, uniq_snorg

Skill      XL: |  1  2  3  4  5  6  7  8  9 10 11 12 13 14 15 |
---------------+----------------------------------------------+-----
Armour         | 1 2 3 4 5 6 8 9 10 11 12 | 12.0
Stealth        | 3 4 5 6 |  6.5
Maces & Flails | 4 5 6 7 8 9 |  9.1
Fighting       | 4 5 6 7 8 9 11 12 13 | 13.4
Invocations    | 2 4 5 7 8 9 11 12 | 12.6
Shields        | 3 5 7 8 9 |  9.7
Slings         | 3 5 7 8 9 |  9.0
Axes           | 2 5 |  5.5
Dodging        | 3 4 |  4.6

Action                   |  1- 3 |  4- 6 |  7- 9 | 10-12 | 13-15 || total
-------------------------+-------+-------+-------+-------+-------++-------
Melee: Mace              |    31 |       |       |       |       ||    31
       Dagger            |    61 |       |       |       |       ||    61
       Short sword       |     8 |    60 |    45 |       |       ||   113
       Hand axe          |       |       |    56 |   317 |   486 ||   859
       War axe           |       |       |       |    13 |       ||    13
       Eveningstar       |       |       |       |       |    50 ||    50
 Fire: Hunting sling     |       |    89 |   148 |   174 |   408 ||   819
Invok: Stomp             |       |       |     7 |    30 |    16 ||    53
       Grand Finale      |       |       |       |       |     3 ||     3
Evoke: Wand              |       |       |       |       |     2 ||     2
  Use: Scroll            |     4 |     1 |     3 |     6 |    14 ||    28
 Stab: Sleeping          |     5 |     1 |       |       |     1 ||     7
       Paralysed         |       |       |    11 |    35 |    56 ||   102
Armor: Robe              |    32 |    19 |       |       |       ||    51
       Ring mail         |       |    39 |    29 |       |       ||    68
       Scale mail        |       |       |    68 |   189 |   292 ||   549
       Chain mail        |       |       |       |   111 |       ||   111
       Troll leather arm |       |       |       |       |   187 ||   187
Dodge: Dodged            |    60 |    62 |    90 |   169 |   332 ||   713
Block: Buckler           |       |       |    14 |   110 |   202 ||   326

Table legend: (Time is in decaauts)
 A = Elapsed time spent in this place.
 B = Non-inter-level travel time spent in this place.
 C = Inter-level travel time spent in this place.
 D = Time resting spent in this place.
 E = Time spent auto-exploring this place.
 F = Levels seen in this place.
 G = Mean time per level.
                   A        B        C        D        E       F      G
               +--------+--------+--------+--------+--------+-----+--------+
         Total |  19624 |  18498 |   1126 |   1429 |  12659 |  21 |  934.5 |
       Dungeon |  11652 |  10909 |    743 |   1270 |   7153 |  11 | 1059.3 |
        Temple |     82 |     47 |     35 |      0 |     35 |   1 |   82.0 |
          Lair |   6695 |   6368 |    327 |    102 |   4893 |   6 | 1115.8 |
  Orcish Mines |    850 |    830 |     20 |      0 |    574 |   2 |  425.0 |
       Volcano |    343 |    343 |      0 |     56 |      3 |   1 |  343.0 |
               +--------+--------+--------+--------+--------+-----+--------+

Top non-repeatable levels by time:
  Lair:6: 1948 daAuts
     D:1: 1787 daAuts
     D:2: 1551 daAuts
     D:4: 1099 daAuts
  Lair:3: 1097 daAuts
     D:8: 1082 daAuts
     D:3: 1066 daAuts
  Lair:4: 1054 daAuts
     D:5: 982 daAuts
     D:9: 953 daAuts
  Lair:2: 915 daAuts
    D:10: 885 daAuts
  Lair:1: 860 daAuts
  Lair:5: 818 daAuts
     D:6: 795 daAuts
